cohdb
Replays
Latest Replays
All Replays
Popular Replays
Top Player Replays
Match Explorer
How It Works
Community
CoH3 Stats
Reddit
Sign in to upload your games and track your stats! →
Sign in with Steam
Match 38207738
Unlisted
Match 38207738
Overview
Messages
Build Orders
End
Pioneer Squad
Construct Infanterie Kompanie
Selects Mechanized Battlegroup
Grenadier Squad
MG 42 Machine Gun Team
Grenadier Squad
Construct Luftwaffe Kompanie
221 Scout Car
Selects Raid Package
Jäger Squad
GrW 34 Mortar Team
Support Elements
Jäger Squad
Jäger Squad
Construct Panzer Kompanie
Selects 8 Rad Armored Car
Selects StuG Assault Group
Selects UNKNOWN (2160084)
Panther Heavy Tank
Selects Spotting Scopes
Panzer Officer Quarters
Selects Wespe Self-propelled Artillery
Pioneer Squad
Sturmpanzer IV Brummbär
Panther Heavy Tank
Wespe Self-propelled Artillery
Grenadier Squad
BIOHAZARD
Sauzer88
Arthyom
Batemanis
0
0
Comments
sign in to comment!
No comments posted yet!